 Dungeon Crawl Stone Soup version 0.26-a0-712-ga5a9c9c9d0 (webtiles) character file.

Game seed: 2705712028385596732

22 tilp the Sneak (level 2, 0/13 HPs)
             Began as a Spriggan Enchanter on Nov 13, 2020.
             Succumbed to a kobold's poison
             ... on level 1 of the Dungeon.
             The game lasted 00:01:29 (963 turns).

tilp the Sneak (Spriggan Enchanter)                  Turns: 963, Time: 00:01:30

Health: 0/13       AC:  2    Str:  4    XL:     2   Next: 68%
Magic:  6/6        EV: 18    Int: 16    God:
Gold:   50         SH:  0    Dex: 16    Spells: 3/6 levels left

rFire    . . .     SeeInvis +   a - +1 dagger
rCold    . . .     Faith    .   (shield restricted)
rNeg     . . .     Spirit   .   b - +0 robe
rPois    .         Reflect  .   (helmet restricted)
rElec    .         Harm     .   (no cloak)
rCorr    .         Rampage  .   (gloves unavailable)
MR       .....                  (boots unavailable)
Stlth    +++.......             (no amulet)
HPRegen  0.04/turn              (no ring)
MPRegen  0.10/turn              (no ring)

@: lethally poisoned (0 -> -6), very quick
A: very small, unfitting armour, see invisible, speed 3
a: no special abilities


You were on level 1 of the Dungeon.
You visited 1 branch of the dungeon, and saw 1 of its levels.

You collected 50 gold pieces.

Inventory:

Hand Weapons
 a - a +1 dagger (weapon)
Missiles
 f - 2 stones (quivered)
Armour
 b - a +0 robe (worn)
Jewellery
 g - an uncursed ring of stealth {unknown}
 h - an uncursed ring of ice {unknown}
Scrolls
 d - a scroll of magic mapping {unknown}
 e - a scroll of identify {unknown}
 i - a scroll of amnesia {unknown}
 j - a scroll of random uselessness {unknown}


   Skills:
 + Level 2.2 Short Blades
 - Level 3.0 Dodging
 + Level 5.3 Stealth
 - Level 2.6 Spellcasting
 - Level 3.6 Hexes


You had 3 spell levels left.
You knew the following spells:

 Your Spells              Type           Power        Failure   Level
a - Corona                Hex            ##.....      4%          1
b - Ensorcelled Hibernat  Hex/Ice        #.....       14%         2

Your spell library contained the following spells:

 Spells                   Type           Power        Failure   Level
 Confusing Touch          Hex            ##......     13%         3
 Tukima's Dance           Hex            ##......     13%         3
 Dazzling Flash           Conj/Hex       #.....       28%         3


Dungeon Overview and Level Annotations

Branches:
Dungeon (1/15)

Altars:


Innate Abilities, Weirdness & Mutations

You are very small and have problems with some larger weapons.
You are too small for most types of armour.
You have supernaturally acute eyesight. (SInv)
You cover ground extremely quickly.


Message History

You feel sick.
There is an open door here.
You feel sick.
You feel sick.
You feel sick.
* * * LOW HITPOINT WARNING * * *
You feel sick.
* * * LOW HITPOINT WARNING * * *
You feel sick.
It was a potion of magic.
Magic courses through your body.
Unknown command.
You see here a kobold skeleton.
* * * LOW HITPOINT WARNING * * *
You feel sick.
* * * LOW HITPOINT WARNING * * *
You feel sick.
There is an open door here.
* * * LOW HITPOINT WARNING * * *
You feel sick.
You die...

.#.######## ########.# #.# #.##
.##'......####......'## #.# #...
.##........##........### #.# ##..
###...##...##...##...#.....# #..
.##..####..##..####..##.# ##.
.##†.####..##..####..##.########.
.##...##...##...##...#...........
..#..................#....†......
..##........<...@...##...........
..#######..##..#######...........
..#######..##..########.#######..
..##................###.# #..
..#..................##.# #.K
#.#...##...##...##.(.##.# #..
#.#..####..##..## ..##.# #..
#.#..####..##..## .##.# ##'
†.#...##...##...# ##.# #B


There were no monsters in sight!

Vanquished Creatures
  A dart slug (D:1)
  A bat (D:1)
  A giant cockroach (D:1)
  2 goblins (D:1)
  3 hobgoblins (D:1)
  2 jackals (D:1)
  3 kobolds (D:1)
  A ball python (D:1)
  2 frilled lizards (D:1)
  2 rats (D:1)
18 creatures vanquished.

Notes
Turn   | Place    | Note
-------+----------+-------------------------------------------
     0 | D:1      | tilp the Spriggan Enchanter began the quest for the Orb.
     0 | D:1      | Reached XP level 1. HP: 9/9 MP: 5/5
   410 | D:1      | Reached XP level 2. HP: 13/13 MP: 6/6
   423 | D:1      | Reached skill level 5 in Stealth
   427 | D:1      | Learned a level 2 spell: Ensorcelled Hibernation
   963 | D:1      | Succumbed to a kobold's poison

Illustrated notes

Levels and vault maps discovered:
D:1:      minmay_arrival_four_loops, layout_basic, minmay_tripent

Skill      XL: |  1  2 |
---------------+-------+-----
Stealth        | 5 |  5.3
Short Blades   | 2 |  2.2
Dodging        | |  3.0
Spellcasting   | |  2.6
Hexes          | |  3.6

Action                   || total
-------------------------++-------
Melee: Dagger            ||    44
Throw: Stone             ||     1
 Cast: Corona            ||     3
       Ensorcelled Hiber ||     5
  Use: Potion            ||     1
 Stab: Sleeping          ||    11
Armor: Robe              ||     7
Dodge: Dodged            ||    26

Table legend: (Time is in decaauts)
 A = Elapsed time spent in this place.
 B = Non-inter-level travel time spent in this place.
 C = Inter-level travel time spent in this place.
 D = Time resting spent in this place.
 E = Time spent auto-exploring this place.
 F = Levels seen in this place.
 G = Mean time per level.
                   A        B        C        D        E       F      G
               +--------+--------+--------+--------+--------+-----+--------+
         Total |    718 |    718 |      0 |    229 |    338 |   1 |  718.0 |
       Dungeon |    718 |    718 |      0 |    229 |    338 |   1 |  718.0 |
               +--------+--------+--------+--------+--------+-----+--------+

Top non-repeatable levels by time:
     D:1: 718 daAuts
